 Dungeon Crawl Stone Soup version 0.17-a0-4-gb793c6d (webtiles) character file.

1344 Ololoev the Conjurer (level 8, -6/69 HPs)
             Began as an Octopode Fire Elementalist on Mar 4, 2015.
             Mangled by a centaur (7 damage)
             ... on level 4 of the Dungeon.
             The game lasted 00:25:15 (7433 turns).

Ololoev the Conjurer (Octopode Fire Elementalist)   Turns: 7433, Time: 00:25:15

Health: -6/69      AC:  1    Str: 13    XL:     8   Next: 62%
Magic:  4/13       EV: 12    Int: 19    God:
Gold:   69         SH:  0    Dex: 12    Spells: 3 memorised, 2 levels left

rFire  . . .     SeeInvis .     s - +5 dagger (speed)
rCold  . . .     Clarity  .     (no shield)
rNeg   . . .     SustAb   +     (helmet restricted)
rPois  .         Gourm    .     (no amulet)
rElec  .         Spirit   .     g - ring of sustain abilities
rCorr  .         Warding  .     (no ring)
rMut   .         Stasis   .     (no ring)
MR     .....                    (no ring)
Stlth  ..........               (no ring)
                                (no ring)
                                (no ring)
                                (no ring)

@: berserking, very slightly contaminated, very quick, not resistant to hostile
enchantments, extremely unstealthy
A: almost no armour, amphibious, 8 rings, constrict 8, camouflage 1, gelatinous
body 1
a: no special abilities


You were on level 4 of the Dungeon.
You were hungry.

You visited 1 branch of the dungeon, and saw 5 of its levels.

You collected 185 gold pieces.
You spent 116 gold pieces at shops.

Notes
Turn   | Place    | Note
--------------------------------------------------------------
     0 | D:1      | Ololoev, the Octopode Fire Elementalist, began the quest for the Orb.
     0 | D:1      | Reached XP level 1. HP: 11/11 MP: 3/3
   527 | D:1      | Reached XP level 2. HP: 17/17 MP: 1/4
  1132 | D:1      | Reached XP level 3. HP: 21/21 MP: 6/6
  1387 | D:1      | You fall through a shaft!
  1392 | D:2      | Learned a level 3 spell: Conjure Flame
  1477 | D:2      | Found a sparkling altar of Nemelex Xobeh.
  1848 | D:2      | Reached XP level 4. HP: 18/27 MP: 5/7
  2301 | D:2      | Reached skill level 4 in Fire Magic
  2500 | D:3      | Noticed wvc's ghost (weakling OpTm)
  2971 | D:3      | Reached XP level 5. HP: 31/31 MP: 2/9
  4414 | D:3      | Killed wvc's ghost
  4414 | D:3      | Reached XP level 6. HP: 34/36 MP: 2/10
  4537 | D:3      | Learned a level 5 spell: Fireball
  4888 | D:4      | Noticed Pikel
  5033 | D:4      | Reached skill level 5 in Conjurations
  5033 | D:4      | Reached skill level 5 in Fire Magic
  5355 | D:4      | Killed Pikel
  5355 | D:4      | Reached skill level 6 in Conjurations
  5355 | D:4      | Reached XP level 7. HP: 41/41 MP: 6/12
  5446 | D:4      | Found an ancient bone altar of Kikubaaqudgha.
  5752 | D:4      | Found a glowing silver altar of Zin.
  6017 | D:4      | Reached XP level 8. HP: 46/46 MP: 5/13
  6128 | D:5      | Entered Level 5 of the Dungeon
  6318 | D:5      | Found Binwed's Food Boutique.
  6361 | D:5      | Found Grae's Assorted Antiques.
  6370 | D:5      | Bought a scroll of identify for 58 gold pieces
  6370 | D:5      | Bought a scroll of identify for 58 gold pieces
  6390 | D:5      | Found Edothad's Assorted Antiques.
  6436 | D:5      | Reached skill level 7 in Conjurations
  6498 | D:5      | Noticed Blork the orc
  7429 | D:4      | HP: 1/46 [centaur/arrow (7)]
  7433 | D:4      | Mangled by a centaur

Inventory:

Hand weapons
 s - a +5 dagger of speed (weapon)
Jewellery
 g - a ring of sustain abilities (left tentacle)
Scrolls
 a - 3 scrolls of immolation {unknown}
 d - 5 scrolls of remove curse {unknown}
 e - a scroll of enchant weapon
 f - a scroll of fog {unknown}
 h - 2 scrolls of noise {unknown}
 j - a scroll of teleportation
 k - 2 scrolls of random uselessness {unknown}
 o - 3 scrolls of blinking
 p - a scroll of fear {unknown}
 r - a scroll of magic mapping {unknown}
 t - a scroll of amnesia {unknown}
 w - a scroll of brand weapon {unknown}
Potions
 i - 2 potions of agility
 l - a potion of curing {unknown}
 m - a potion of heal wounds {unknown}
 n - 3 potions of cancellation
 q - a potion of magic
 z - a potion of resistance
 A - a potion of flight {unknown}
Books
 b - a book of Flames

   Spells                             Type                      Level
   a - Flame Tongue                   Conjuration/Fire             1
   b - Throw Flame                    Conjuration/Fire             2
   c - Conjure Flame                  Conjuration/Fire             3
   d - Inner Flame                    Hexes/Fire                   3
   e - Sticky Flame                   Conjuration/Fire             4
   f - Fireball                       Conjuration/Fire             5
Comestibles
 c - 5 bread rations
 u - 2 meat rations
 v - 2 beef jerkies
 B - 2 chunks of flesh

Table legend:
 A = Turns spent in this place as a percentage of turns spent in the entire game.
 B = Non-inter-level travel turns spent in this place as a percentage of non-inter-level travel turns spent in the entire game.
 C = Inter-level travel turns spent in this place as a percentage of turns spent in this place.
 D = Turns resting spent in this place as a percentage of non-inter-level travel turns spent in this place.
 E = Turns spent auto-exploring this place as a percentage of non-inter-level travel turns spent in this place.
 F = Non-inter-level travel turns spent in this place divided by the number of levels of this place that you've seen.
                   A       B       C       D       E      F
               +-------+-------+-------+-------+-------+----------------------
         Total | 100.0 | 100.0 |   0.9 |   9.6 |   9.1 | 363.0
       Dungeon | 100.0 | 100.0 |   0.9 |   9.6 |   9.1 | 363.0
               +-------+-------+-------+-------+-------+----------------------


   Skills:
 - Level 2.0 Dodging
 - Level 2.6 Stealth
 - Level 2.0 Spellcasting
 + Level 7.6 Conjurations
 + Level 7.5 Fire Magic


You had 2 spell levels left.
You knew the following spells:

 Your Spells              Type           Power        Failure   Level  Hunger
a - Flame Tongue          Conj/Fire      ####.        1%          1    #......
b - Conjure Flame         Conj/Fire      ####....     1%          3    ###....
c - Fireball              Conj/Fire      ####......   21%         5    ######.


Dungeon Overview and Level Annotations

Branches:
Dungeon (5/15)
 Temple: D:4-7

Altars:
Kikubaaqudgha
Nemelex Xobeh
Zin

Shops:
D:5 *%*

Annotations:
D:5 Blork the orc


Innate Abilities, Weirdness & Mutations

You cannot wear most types of armour.
You are amphibious.
You can wear up to eight rings at the same time.
You can use your tentacles to constrict many enemies at once.
Your skin changes colour to match your surroundings (Stealth).
Your rubbery body absorbs attacks (AC +1).


Message History

The flame tongue misses the gnoll.
The gnoll hits you from afar with a spear!
The gnoll hits you but does no damage.
You hit the gnoll.
You kill the gnoll!
No target in view!
You start resting.
A centaur comes into view.
Casting: Flame Tongue
Confirm with . or Enter, or press ? or * to list all spells.
Aiming: Fireball
Press: ? - help, Shift-Dir - straight line, f - centaur
Aim: a centaur (hasn't noticed you)
You miscast Fireball.
You are very lightly contaminated with residual magic.
Wisps of smoke drift from your tentacles.
You are feeling hungry.
The centaur shouts!
The centaur wields a shortbow.
The centaur shoots an arrow.
The arrow hits you!
Casting: Fireball
Confirm with . or Enter, or press ? or * to list all spells.
You don't have enough magic to cast that spell.
Unknown command.
The centaur shoots an arrow.
The arrow hits you!!
You see here an arrow.
The centaur shoots an arrow.
The arrow hits you!
You see here an arrow.
The centaur unwields an uncursed shortbow.
The centaur barely misses you.
You hit the centaur.
The centaur is lightly wounded.
The centaur closely misses you.
You barely miss the centaur.
The centaur is lightly wounded.
The centaur barely misses you.
Drink which item? (? for menu, Esc to quit)
It was a potion of berserk rage.
A red film seems to cover your vision as you go berserk!
You feel yourself moving faster!
You feel mighty! The centaur hits you!
You die...

#...#.......###.### #.#
# #......##...# ##..###
#.## ## ##......##...#
###..###..####.
#..##....##..##
##...........
######....##...#
##..###.......
#..####....#...# #...#
##...#..
#...###....#...####..##
#..####
#....###....(...##..##
#..# #
#....###...).((@c..##
#..#
#.....##...........#
#.>#
#..)..........#....##
#..#
#...........####....##
###..# # #.........###
##....###....####
##........##
#......[.....#..
#....##...#
##....##........
####..##..#
##...####.......
##..#).# ##....#
#.......


You could see a centaur.

Table legend:
 A = Kills in this place as a percentage of kills in entire the game.
 B = Kills by you in this place as a percentage of kills by you in the entire game.
 C = Kills by friends in this place as a percentage of kills by friends in the entire game.
 D = Other kills in this place as a percentage of other kills in the entire game.
 E = Experience gained in this place as a percentage of experience gained in the entire game.
 F = Experience gained in this place divided by the number of levels of this place that you have seen.
                   A       B       C       D       E      F
               +-------+-------+-------+-------+-------+----------------------
         Total | 100.0 | 100.0 |  -nan |  -nan | 100.0 | 384.2
       Dungeon | 100.0 | 100.0 |  -nan |  -nan | 100.0 | 384.2
               +-------+-------+-------+-------+-------+----------------------

Vanquished Creatures
  Pikel (D:4)
  2 slaves (D:4)
  A centaur (D:5)
  An ogre (D:4)
  A gnoll sergeant (D:4)
  2 scorpions (D:4)
  The ghost of wvc the Insei, a weakling OpTm (D:3)
  A jelly (D:5)
  2 orc wizards (D:5)
  An iguana (D:4)
  3 orc priests
  A worker ant (D:4)
  7 adders
  8 gnolls
  A giant mite (D:3)
  3 worms
  2 giant geckos
  2 oozes
  6 orcs
  A ball python (D:3)
  17 bats
  2 bat skeletons (D:4)
  3 giant cockroaches
  9 hobgoblins
  6 giant newts
  13 goblins
  11 jackals
  20 kobolds
  A quokka skeleton (D:5)
  7 rats
136 creatures vanquished.

Vanquished Creatures (others)
  2 slaves (D:4)
2 creatures vanquished.

Grand Total: 138 creatures vanquished

Action                   |  1- 3 |  4- 6 |  7- 9 || total
-------------------------+-------+-------+-------++-------
Melee: Unarmed           |    41 |    31 |       ||    72
       Dagger            |       |    48 |    23 ||    71
       Short sword       |       |       |     4 ||     4
 Cast: Flame Tongue      |    39 |   109 |    64 ||   212
       Conjure Flame     |       |    15 |     9 ||    24
  Use: Scroll            |       |     5 |     4 ||     9
       Potion            |       |       |     1 ||     1
 Stab: Sleeping          |     3 |     2 |     4 ||     9
       Distracted        |       |     1 |       ||     1
  Eat: Chunk             |     3 |    14 |     8 ||    25

Vault maps used:
D:1:      dpeg_arrival_connections
D:2:      nemelex_xobeh_ov_fountains_minmay, first_bread,
          uniq_crazy_yiuf_cottage
D:3:      grunt_decor_one_mirror
D:4:      nicolae_overflow_hidden_temple, overflow_temple_1_default, uniq_pikel
D:5:      serial_shops, shop_fountains, shop, nicolae_shop_overgrown_old_shop,
          shop, nicolae_shop_trees, uniq_blork_the_orc
